 Dungeon Crawl Stone Soup version 0.21.1-1-g345015f (webtiles) character file.

3907 kae the Martial Artist (level 10, 0/82 HPs)
             Began as a Demonspawn Monk on Apr 24, 2018.
             Was a Priest of Wu Jian.
             Slain by a hornet (5 damage)
             ... on level 9 of the Dungeon.
             The game lasted 00:09:28 (11044 turns).

kae the Martial Artist (Demonspawn Monk)           Turns: 11044, Time: 00:09:29

Health: 0/82       AC: 11    Str: 11    XL:     10   Next: 0%
Magic:  10/10      EV: 20    Int: 12    God:    Wu Jian [***...]
Gold:   503        SH:  0    Dex: 22    Spells: 9/9 levels left

rFire    . . .     SeeInvis .     - Unarmed
rCold    . . .     Gourm    .   (no shield)
rNeg     . . .     Faith    .   e - +0 robe
rPois    .         Spirit   .   (helmet restricted)
rElec    .         Reflect  .   z - +0 cloak
rCorr    .         Harm     .   (no gloves)
MR       .....                  k - +2 pair of boots
Stlth    ++........             (no amulet)
HPRegen  0.23/turn              y - +5 ring of protection
MPRegen  0.12/turn              w - ring of Moderation {EV+6 Dex+3}

@: lethally poisoned (0 -> -22), slowed, very slow
A: antennae 2, claws 1, foul stench 1, rot immunity
a: Wall Jump, Serpent's Lash, Renounce Religion


You were on level 9 of the Dungeon.
You worshipped Wu Jian.
Wu Jian was most pleased with you.
You were not hungry.

You visited 2 branches of the dungeon, and saw 10 of its levels.

You collected 503 gold pieces.

Inventory:

Hand Weapons
 a - a +0 hunting sling
Missiles
 h - 305 stones (quivered)
Armour
 e - a +0 robe (worn)
 k - a +2 pair of boots (worn)
 n - a +1 helmet
 z - a +0 cloak (worn)
Jewellery
 f - an uncursed ring of fire
 w - the ring of Moderation (right claw) {EV+6 Dex+3}
   (You found it on level 4 of the Dungeon)

   [ring of evasion]

   It affects your evasion (+6).
   It affects your dexterity (+3).
 y - a +5 ring of protection (left claw)
 D - an uncursed ring of magical power
 E - an uncursed ring of positive energy
 F - an uncursed ring of see invisible
Wands
 t - a wand of flame (13)
 G - a wand of paralysis (16)
Scrolls
 m - a scroll of immolation
 o - 4 scrolls of teleportation
 q - 2 scrolls of enchant armour
 r - 2 scrolls of amnesia
 s - 2 scrolls of identify
 v - 3 scrolls of remove curse
 B - a scroll of magic mapping
 C - a scroll of fog
Potions
 c - 8 potions of curing
 d - a potion of resistance
 g - 2 potions of invisibility
 i - 2 potions of heal wounds
 j - 2 potions of mutation
 l - 3 potions of lignification
 p - 2 potions of degeneration
 x - 3 potions of agility
 A - 2 potions of flight
 I - a potion of haste
Books
 u - a book of Cantrips

   Spells                             Type                      Level
   a - Confusing Touch                Hexes                        1
   b - Animate Skeleton               Necromancy                   1
   c - Summon Small Mammal            Summoning                    1
   d - Apportation                    Translocation                1
 H - a book of Changes

   Spells                             Type                      Level
   a - Beastly Appendage              Transmutation                1
   b - Sticks to Snakes               Transmutation                2
   c - Spider Form                    Transmutation/Poison         3
   d - Ice Form                       Ice/Transmutation            4
   e - Blade Hands                    Transmutation                5
 K - a book of Geomancy

   Spells                             Type                      Level
   a - Sandblast                      Earth                        1
   b - Passwall                       Transmutation/Earth          2
   c - Stone Arrow                    Conjuration/Earth            3
   d - Petrify                        Transmutation/Earth          4
   e - Lee's Rapid Deconstruction     Earth                        5
Comestibles
 b - 7 rations


   Skills:
 + Level 8.9 Fighting
 - Level 2.6 Dodging
 - Level 1.7 Stealth
 * Level 11.0 Unarmed Combat


You had 9 spell levels left.
You didn't know any spells.

Dungeon Overview and Level Annotations

Branches:
Dungeon (9/15)             Temple (1/1) D:5
   Lair: D:8-11         Orc: D:9-12

Altars:
Ashenzari
Cheibriados
Dithmenos
Elyvilon
Fedhas
Gozag
Kikubaaqudgha
Makhleb
Nemelex Xobeh
Okawaru
Qazlal
Ru
Sif Muna
Trog
Uskayaw
Vehumet
Wu Jian
Xom
Yredelemnul
Zin
The Shining One


Innate Abilities, Weirdness & Mutations

You have a pair of antennae on your head.
You have sharp fingernails.
You may emit foul miasma when damaged in melee.
You are immune to rotting.


Message History

The hornet is heavily wounded.
You feel very sick. The hornet stings you!
You suddenly lose the ability to move!
The hornet stings you but does no damage.
The hornet stings you.
You feel as though you will be slow longer.
The hornet stings you!
* * * LOW HITPOINT WARNING * * *
You feel as though you will be slow longer.
The hornet stings you!
* * * LOW HITPOINT WARNING * * *
You are more poisoned.
You feel as though you will be slow longer.
You can move again.
You spin and attack the hornet.
You miss the hornet.
The hornet is heavily wounded.
* * * LOW HITPOINT WARNING * * *
You feel very sick. The hornet stings you.
You die...

#.#.#.#.#
#.#.....#
#.....###
#####.# #.#
#.# #
#.####.#.##
#.y........
###@#..#.##
#.# .# #.#
.. #.# .#
#.. .. ###
#


You could see a hornet (pinned).

Vanquished Creatures
  The ghost of markt42 the Cleaver, a novice GrFi of Okawaru (D:8)
  The ghost of Kairos the Ducker, an amateur OpTm (D:4)
  Eustachio (D:6)
  A hungry ghost (D:7)
  2 orc warriors
  A black bear (D:6)
  A hornet zombie (D:5)
  A sky beast (D:8)
  3 ice beasts
  3 phantoms
  4 ogres
  A centaur (D:7)
  2 scorpions
  5 wights (D:7)
  2 howler monkeys
  A crimson imp (D:6)
  A jelly (D:6)
  A bullfrog zombie (D:6)
  A centaur zombie (D:8)
  2 hounds
  8 orc priests
  A bullfrog skeleton (D:6)
  5 orc wizards
  A centaur skeleton (D:8)
  Ijyb (D:4)
  6 worker ants
  A hound skeleton (D:6)
  14 adders
  2 shadow imps (D:5)
  2 oozes (D:1)
  5 worms
  3 dart slugs
  8 leopard geckos
  35 orcs
  A ball python (D:6)
  6 bats
  2 bat zombies (D:4)
  5 giant cockroaches
  12 goblins
  3 hobgoblins
  6 jackals
  5 quokkas
  3 frilled lizards
  A jackal skeleton (D:7)
  5 kobolds
  A leopard gecko skeleton (D:7)
  7 rats
  2 rat zombies (D:4)
186 creatures vanquished.

Notes
Turn   | Place    | Note
-------+----------+-------------------------------------------
     0 | D:1      | kae the Demonspawn Monk began the quest for the Orb.
     0 | D:1      | Reached XP level 1. HP: 18/18 MP: 1/1
   330 | D:1      | Reached skill level 3 in Unarmed Combat
   561 | D:1      | Gained mutation: You are immune to rotting. [demonic ancestry]
   561 | D:1      | Reached XP level 2. HP: 24/24 MP: 2/2
  1233 | D:2      | Gained mutation: You have sharp fingernails. [demonic ancestry]
  1233 | D:2      | Reached XP level 3. HP: 29/29 MP: 3/3
  1252 | D:2      | Found a stormy altar of Qazlal.
  1991 | D:2      | Reached skill level 4 in Unarmed Combat
  1991 | D:2      | Reached XP level 4. HP: 25/37 MP: 4/4
  2288 | D:2      | Found a basalt altar of Yredelemnul.
  2943 | D:3      | Reached XP level 5. HP: 39/42 MP: 5/5
  3319 | D:3      | Reached skill level 5 in Unarmed Combat
  3695 | D:4      | Noticed Kairos's ghost (amateur OpTm)
  3708 | D:4      | Killed Kairos's ghost
  3708 | D:4      | Gained mutation: You may emit foul miasma when damaged in melee. [demonic ancestry]
  3708 | D:4      | Reached XP level 6. HP: 32/50 MP: 6/6
  3828 | D:4      | Got a steaming amber ring
  3871 | D:4      | Noticed Ijyb
  3878 | D:4      | Reached skill level 5 in Fighting
  3894 | D:4      | Reached skill level 6 in Unarmed Combat
  3906 | D:4      | Killed Ijyb
  4204 | D:4      | Reached XP level 7. HP: 53/56 MP: 7/7
  4476 | D:4      | Found an ancient bone altar of Kikubaaqudgha.
  4594 | D:5      | Entered Level 5 of the Dungeon
  4701 | D:5      | Found a shattered altar of Ashenzari.
  4738 | D:5      | Found an iron altar of Okawaru.
  4795 | D:5      | Found a staircase to the Ecumenical Temple.
  4804 | Temple   | Entered the Ecumenical Temple
  4870 | Temple   | Became a worshipper of the Wu Jian Council
  4870 | Temple   | Reached * piety under Wu Jian
  4870 | Temple   | Reached ** piety under Wu Jian
  5307 | D:5      | Reached skill level 7 in Unarmed Combat
  5328 | D:5      | Found a white marble altar of Elyvilon.
  5420 | D:5      | Found a hide-covered altar of Uskayaw.
  5522 | D:5      | Gained mutation: You have a pair of small antennae on your head. [demonic ancestry]
  5522 | D:5      | Reached XP level 8. HP: 34/64 MP: 8/8
  5733 | D:5      | Found a bloodstained altar of Trog.
  5809 | D:6      | Identified the ring of Moderation {EV+6 Dex+3} (You found it on level 4 of the Dungeon)
  5817 | D:6      | Noticed Eustachio
  5871 | D:6      | Killed Eustachio
  5980 | D:6      | Reached skill level 8 in Unarmed Combat
  6959 | D:6      | Found a deep blue altar of Sif Muna.
  7132 | D:7      | Reached skill level 9 in Unarmed Combat
  7437 | D:7      | Reached XP level 9. HP: 72/72 MP: 9/9
  7716 | D:7      | Reached *** piety under Wu Jian
  8225 | D:7      | Found an opulent altar of Gozag.
  8470 | D:7      | Reached skill level 10 in Unarmed Combat
  8620 | D:8      | Found a blossoming altar of Fedhas.
  8831 | D:8      | Noticed markt42's ghost (novice GrFi)
 10410 | D:8      | Found a burning altar of Makhleb.
 10473 | D:8      | Killed markt42's ghost
 10795 | D:8      | Reached skill level 11 in Unarmed Combat
 11011 | D:9      | Gained mutation: You have a pair of antennae on your head. [demonic ancestry]
 11011 | D:9      | Reached XP level 10. HP: 82/82 MP: 10/10
 11043 | D:9      | Paralysed by a hornet for 2 turns
 11044 | D:9      | Slain by a hornet

Skill      XL: |  1  2  3  4  5  6  7  8  9 |
---------------+----------------------------+-----
Unarmed Combat | 3 4 5 6 7 9 11 | 11.0
Fighting       | 4 5 6 7 8 |  8.9
Dodging        | |  2.6
Stealth        | |  1.7

Action                   |  1- 3 |  4- 6 |  7- 9 | 10-12 || total
-------------------------+-------+-------+-------+-------++-------
Melee: Unarmed           |   151 |   173 |   535 |    17 ||   876
       Punch             |     1 |     1 |    31 |     2 ||    35
 Fire: Hunting sling     |     6 |     2 |       |       ||     8
Invok: Lunge             |       |       |    27 |       ||    27
       Whirlwind         |       |       |    31 |     4 ||    35
       Wall Jump         |       |       |    15 |     3 ||    18
       Serpent's Lash    |       |       |     1 |       ||     1
  Use: Scroll            |     3 |     8 |     9 |       ||    20
       Potion            |       |     3 |       |       ||     3
 Stab: Sleeping          |     3 |     9 |     8 |       ||    20
       Distracted        |       |     1 |       |       ||     1
       Invisible         |       |     5 |       |       ||     5
  Eat: Chunk             |     3 |     8 |    16 |       ||    27
       Ration            |       |       |     2 |       ||     2
Armor: Robe              |    59 |    51 |    75 |     1 ||   186
Dodge: Dodged            |   120 |   115 |   274 |    16 ||   525
